 Dungeon Crawl Stone Soup version 0.16-a0-2179-gb75b79b (webtiles) character file.

908 Medar the Slasher (level 7, -2/52 HPs)
             Began as a Demonspawn Chaos Knight on Nov 14, 2014.
             Was a Plaything of Xom.
             Slain by an apocalypse crab (8 damage)
             ... on level 1 of the Abyss.
             The game lasted 00:12:40 (5884 turns).

Medar the Slasher (Demonspawn Chaos Knight)         Turns: 5884, Time: 00:12:40

Health: -2/52      AC:  6    Str: 12    XL:     7   Next: 81%
Magic:  0/11       EV: 10    Int: 17    God:    Xom
Gold:   209        SH:  0    Dex: 10    Spells: 0 memorised, 6 levels left

rFire  . . .     SeeInvis .     a - +0 long sword
rCold  . . .     Clarity  .     b - +2 leather armour
rNeg   . . .     SustAb   .     (no shield)
rPois  .         Gourm    .     (helmet restricted)
rElec  .         Spirit   +     (no cloak)
rCorr  .         Warding  .     (no gloves)
rMut   .         Stasis   .     (no boots)
MR     .....                    (no amulet)
Stlth  +.........               (no ring)
                                i - +3 ring of intelligence

@: very slightly contaminated, hasted, invisible, very quick, not resistant to
hostile enchantments, very unstealthy
A: beak, claws 1, icy blue scales 1, blurry vision 1, clumsy 1, demonic guardian
1, weak 1, magic shield, magic regeneration, placid magic 1
a: Renounce Religion


You were on level 1 of the Abyss.
You worshipped Xom.
You were a plaything of Xom.
You were not hungry.

You visited 1 branch of the dungeon, and saw 5 of its levels.
You visited the Abyss 1 time.

You collected 209 gold pieces.

Inventory:

Hand weapons
 a - a +0 long sword (weapon)
 w - a +0 blowgun
 y - a +0 falchion of chaos
Missiles
 x - 7 poisoned needles
Armour
 b - a +2 leather armour (worn)
 d - a +0 chain mail
 e - the -2 robe "Hoiss" {rF+ Str-2 Slay+2}
   (You found it on level 1 of the Abyss)

   It affects your strength (-2).
   It affects your accuracy and damage with ranged weapons and melee attacks
   (+2).
   It protects you from fire.
 g - a +0 scale mail
Jewellery
 i - a +3 ring of intelligence (left claw)
Magical devices
 t - a wand of slowing (24)
Scrolls
 j - a scroll of recharging {unknown}
 k - a scroll of remove curse {unknown}
 l - a scroll of amnesia {unknown}
 n - 2 scrolls of magic mapping
 o - a scroll of immolation {unknown}
 q - a scroll of fog {unknown}
 v - a scroll of fear {unknown}
 B - a scroll of identify {unknown}
Potions
 s - a potion of brilliance
 u - 2 potions of curing {@q1}
 A - a potion of poison
Books
 r - a book of Power

   Spells                             Type                      Level
   Fulminant Prism                    Conjuration/Hexes            4
   Iskenderun's Mystic Blast          Conjuration                  4
   Venom Bolt                         Conjuration/Poison           5
   Bolt of Magma                      Conjuration/Fire/Earth       5
   Iron Shot                          Conjuration/Earth            6
   Orb of Destruction                 Conjuration                  7
Comestibles
 c - 2 bread rations
 C - a beef jerky


   Skills:
 - Level 3.0 Fighting
 + Level 7.8 Long Blades
 - Level 1.7 Armour
 - Level 0.8 Dodging
 + Level 4.2 Evocations


You had 6 spell levels left.
You didn't know any spells.

Dungeon Overview and Level Annotations

Branches:
Dungeon (5/15)             Temple (0/1) D:4

Altars:
Ashenzari
Dithmenos
Xom


Innate Abilities, Weirdness & Mutations

You have sharp fingernails.
You are partially covered in icy blue scales (AC +1).
A weak demonic guardian rushes to your aid.
When hurt, damage is shared between your health and your magic reserves.
You regenerate magic rapidly.
You have a beak for a mouth.
Your vision is a little blurry.
You are clumsy. (Dex -2)
You are weak. (Str -2)
Your spells are a little easier to cast, but a little less powerful.


Message History

* * * LOW HITPOINT WARNING * * *
You hit the small abomination.
You destroy the small abomination!
Your Evocations skill increases to level 4!
The helpless apocalypse crab fails to defend itself.
You hit the apocalypse crab.
The apocalypse crab is lightly wounded.
The helpless apocalypse crab fails to defend itself.
You hit the apocalypse crab but do no damage.
The apocalypse crab is lightly wounded.
The helpless apocalypse crab fails to defend itself.
You slash the apocalypse crab!
The apocalypse crab is moderately wounded.
The helpless apocalypse crab fails to defend itself.
You hit the apocalypse crab but do no damage.
The apocalypse crab is moderately wounded.
The apocalypse crab is no longer paralysed.
The apocalypse crab bites you!
You die...
Xom thinks this is hilarious!

# ## ###
..# . .#
# # #..
##.# ###
. ..
#.###.#.#
#5@# .#
###t#..##
.# . #
.##... #
#.#. # #.
#...###
.. ##..#
.# # ##.
# ###t#


You could see an apocalypse crab and a friendly iron imp.

Vanquished Creatures
  A small abomination (Abyss:1)
  An ogre (D:5)
  A hound (D:4)
  2 orc priests (D:4)
  An iguana (D:4)
  An orc wizard (D:5)
  4 worker ants (D:4)
  4 adders
  2 gnolls (D:2)
  A worm (D:2)
  A giant mite (D:2)
  3 oozes
  5 orcs
  A ball python (D:1)
  2 giant cockroaches
  5 goblins
  3 hobgoblins
  6 jackals
  7 bats
  2 giant geckos
  3 giant newts
  9 kobolds
  3 quokkas
  6 rats
74 creatures vanquished.

Vanquished Creatures (collateral kills)
  Grinder (D:3)
  A raiju (Abyss:1)
  An ogre (D:4)
  A water moccasin zombie (D:5)
  2 gnolls (D:2)
  An adder (D:3)
  An ooze (D:3)
8 creatures vanquished.

Vanquished Creatures (others)
  3 iron imps
  A quasit (D:5)
  A shadow imp (Abyss:1)
  3 white imps
  2 ufetubi
  An orc (D:3)
11 creatures vanquished.

Grand Total: 93 creatures vanquished

Notes
Turn   | Place    | Note
--------------------------------------------------------------
     0 | D:1      | Medar, the Demonspawn Chaos Knight, began the quest for the Orb.
     0 | D:1      | Reached XP level 1. HP: 18/18 MP: 1/1
   190 | D:1      | XOM: divination: detect creatures
   350 | D:1      | Gained mutation: When hurt, damage is shared between your health and your magic reserves. [demonic ancestry]
   350 | D:1      | Reached XP level 2. HP: 20/24 MP: 2/2
   554 | D:1      | XOM: divination: detect creatures
   589 | D:1      | XOM: divination: detect creatures
   799 | D:1      | XOM: cast spell 'Beastly Appendage'
  1109 | D:2      | XOM: harmless Chrm miscast
  1365 | D:2      | XOM: harmless Fire miscast
  1373 | D:2      | Gained mutation: A weak demonic guardian rushes to your aid. [demonic ancestry]
  1373 | D:2      | Reached XP level 3. HP: 21/29 MP: 1/3
  1375 | D:2      | Reached skill level 4 in Long Blades
  1499 | D:2      | XOM: divination: detect creatures
  1663 | D:2      | Gained mutation: You regenerate magic rapidly. [demonic ancestry]
  1663 | D:2      | Reached XP level 4. HP: 30/35 MP: 4/4
  2352 | D:3      | XOM: god gift: crooked bone wand {god gift}
  2549 | D:3      | Noticed Grinder
  2550 | D:3      | Paralysed by Grinder for 2 turns
  2551 | D:3      | XOM: confuse monster(s)
  2706 | D:3      | XOM: give mutations
  2706 | D:3      | Gained mutation: Your vision is a little blurry. [Xom's mischief]
  2706 | D:3      | Gained mutation: You are clumsy. (Dex -2) [Xom's mischief]
  2706 | D:3      | Gained mutation: You are robust (+10% HP). [Xom's mischief]
  2706 | D:3      | Gained mutation: You are weak. (Str -2) [Xom's mischief]
  2743 | D:3      | XOM: silly message
  2938 | D:3      | Reached skill level 5 in Long Blades
  2957 | D:3      | XOM: 5-stop teleportation journey
  3025 | D:3      | Found a shattered altar of Ashenzari.
  3058 | D:3      | Paralysed by Grinder for 5 turns
  3077 | D:3      | XOM: confuse monster(s)
  3083 | D:3      | Killed Grinder
  3083 | D:3      | Gained mutation: You are partially covered in icy blue scales (AC +1). [demonic ancestry]
  3083 | D:3      | Reached XP level 5. HP: 14/45 MP: 5/5
  3420 | D:4      | Found a shadowy altar of Dithmenos.
  3572 | D:4      | XOM: enchant monster (bad)
  3577 | D:4      | Reached skill level 6 in Long Blades
  3669 | D:4      | Found a staircase to the Ecumenical Temple.
  3685 | D:4      | XOM: noise
  3688 | D:4      | Gained mutation: You have sharp fingernails. [demonic ancestry]
  3688 | D:4      | Reached XP level 6. HP: 32/51 MP: 6/6
  3947 | D:4      | XOM: harmless Ice miscast
  4341 | D:4      | XOM: colour smoke trail
  4495 | D:4      | XOM: cast spell 'Spider Form'
  4714 | D:4      | Reached skill level 7 in Long Blades
  4714 | D:4      | Reached skill level 1 in Evocations
  4847 | D:5      | Entered Level 5 of the Dungeon
  4856 | D:5      | Reached XP level 7. HP: 57/57 MP: 7/9
  4968 | D:5      | XOM: harmless Fire miscast
  5137 | D:5      | XOM: scenery: create altars
  5151 | D:5      | XOM: smoke on damage
  5309 | D:4      | XOM: mild Chrm miscast
  5541 | D:4      | XOM: medium Tloc miscast
  5541 | D:4      | Cast into the Abyss (the capriciousness of Xom)
  5629 | Abyss:1  | Noticed a raiju
  5630 | Abyss:1  | XOM: enchant monster (good)
  5633 | Abyss:1  | Killed a raiju
  5642 | Abyss:1  | XOM: noise
  5668 | Abyss:1  | Got a slimy robe
  5672 | Abyss:1  | Noticed a frost giant skeleton
  5689 | Abyss:1  | Noticed an ancient zyme
  5754 | Abyss:1  | Identified the -2 robe "Hoiss" {rF+ Str-2 Slay+2} (You found it on level 1 of the Abyss)
  5837 | Abyss:1  | Noticed an apocalypse crab
  5853 | Abyss:1  | XOM: summons friendly shadow imp
  5857 | Abyss:1  | Gained mutation: You have a beak for a mouth. [potion of mutation]
  5857 | Abyss:1  | Lost mutation: You are robust (+10% HP). [potion of mutation]
  5857 | Abyss:1  | Gained mutation: Your spells are a little easier to cast, but a little less powerful. [potion of mutation]
  5872 | Abyss:1  | XOM: cast spell 'Call Canine Familiar'
  5876 | Abyss:1  | XOM: enchant monster (good)
  5884 | Abyss:1  | Slain by an apocalypse crab

Action                   |  1- 3 |  4- 6 |  7- 9 || total
-------------------------+-------+-------+-------++-------
Melee: Falchion          |   112 |   139 |    19 ||   270
       Unarmed           |       |     4 |       ||     4
       Long sword        |       |       |    63 ||    63
Evoke: Wand              |       |     1 |       ||     1
  Use: Potion            |       |     2 |     9 ||    11
       Scroll            |       |     1 |     2 ||     3
 Stab: Petrified         |       |     1 |       ||     1
       Paralysed         |       |     1 |     7 ||     8
  Eat: Chunk             |     2 |     9 |     3 ||    14
       Meat ration       |       |       |     1 ||     1
